 Dungeon Crawl Stone Soup version 0.19.5 (webtiles) character file.

73 devil0150 the Magician (level 4, -3/27 HPs)
             Began as a High Elf Wizard on Apr 12, 2017.
             Killed from afar by an orc wizard (10 damage)
             ... with a magic dart
             ... on level 3 of the Dungeon.
             The game lasted 00:11:58 (2488 turns).

devil0150 the Magician (High Elf Wizard)            Turns: 2488, Time: 00:11:59

Health: -3/27      AC:  3    Str:  6    XL:     4   Next: 8%
Magic:  4/12       EV: 13    Int: 23    God:
Gold:   117        SH:  0    Dex: 13    Spells: 3 memorised, 8 levels left

rFire  . . .     SeeInvis .     l - +2 short sword (speed)
rCold  . . .     Gourm    .     a - +0 robe
rNeg   . . .     Faith    .     (no shield)
rPois  .         Spirit   .     b - +0 hat
rElec  .         Reflect  .     (no cloak)
rCorr  .         Harm     .     (no gloves)
MR     .....                    e - +0 pair of boots
Stlth  ++........               (no amulet)
                                (no ring)
                                (no ring)

@: no status effects
A: no striking features
a: no special abilities


You were on level 3 of the Dungeon.
You were hungry.

You visited 1 branch of the dungeon, and saw 3 of its levels.

You collected 117 gold pieces.

Inventory:

Hand Weapons
 i - a +0 short sword
 l - a +2 short sword of speed (weapon)
Armour
 a - a +0 robe (worn)
 b - a +0 hat (worn)
 e - a +0 pair of boots (worn)
Jewellery
 g - an uncursed amulet of rage
 h - an uncursed amulet of guardian spirit {unknown}
 t - an uncursed ring of magical power {unknown}
Potions
 j - a potion of flight {unknown}
 m - a potion of degeneration {unknown}
 n - a potion of curing {unknown}
 o - a potion of haste {unknown}
 p - a potion of brilliance {unknown}
Books
 c - a book of Minor Magic

   Spells                             Type                      Level
   a - Magic Dart                     Conjuration                  1
   b - Blink                          Translocation                2
   c - Call Imp                       Summoning                    2
   d - Repel Missiles                 Charms/Air                   2
   e - Slow                           Hexes                        2
   f - Conjure Flame                  Conjuration/Fire             3
   g - Mephitic Cloud                 Conjuration/Poison/Air       3
Comestibles
 d - 2 bread rations
 f - a slice of pizza
 k - 2 meat rations
 q - a royal jelly


   Skills:
 + Level 2.5 Dodging
 + Level 2.4 Stealth
 + Level 5.1 Spellcasting
 + Level 1.9 Conjurations
 + Level 0.8 Summonings
 + Level 1.1 Translocations


You had 8 spell levels left.
You knew the following spells:

 Your Spells              Type           Power        Failure   Level  Hunger
a - Magic Dart            Conj           ##..         4%          1    None
b - Call Imp              Summ           #.......     12%         2    None
c - Blink                 Tloc           N/A          12%         2    None


Dungeon Overview and Level Annotations

Branches:
Dungeon (3/15)

Altars:


Message History

Aiming: Magic Dart
Press: ? - help, Shift-Dir - straight line, f/p - orc
Aim: an orc, wielding a club and wearing a scale mail (heavily wounded)
The magic dart hits the orc.
The orc is heavily wounded.
The orc barely misses you. The orc hits you with a club.
There is an open door here.
The orc wizard casts a spell.
The orc wizard seems to speed up.
You hear the slow rusting of a drain nearby.
The orc wizard mumbles some strange words.
The orc wizard blinks!
All of the chunks of flesh in your inventory have rotted away.
The orc wizard gestures at you while chanting.
The magic dart hits you!
* * * LOW HITPOINT WARNING * * *
You see here a club.
The orc wizard points at you and mumbles some strange words.
The magic dart hits you!
You die...

##....o....##
#8.........8#
+.....o.....+
#8..(......8#
##....).(..##
##8.....8## ##.oo..##
#.# ##8.8## #.# ##@##
#.# #..# #.# ##'## #.#
##...## ###.####
##.....## #......#
##.......## #.#.##.###
#.........###.<......#
+.....)...'........#.#
#.........###....#.#


You could see an orc wizard and 2 orcs.

Vanquished Creatures
  An adder (D:2)
  An ooze (D:2)
  2 worms (D:2)
  4 dart slugs
  A leopard gecko (D:1)
  An orc (D:3)
  4 bats
  A giant cockroach (D:2)
  8 goblins
  5 hobgoblins
  A ball python (D:1)
  4 frilled lizards (D:2)
  7 kobolds
  3 rats
43 creatures vanquished.

Notes
Turn   | Place    | Note
-------+----------+-------------------------------------------
     0 | D:1      | devil0150 the High Elf Wizard began the quest for the Orb.
     0 | D:1      | Reached XP level 1. HP: 11/11 MP: 6/6
   366 | D:1      | Reached skill level 4 in Spellcasting
   396 | D:1      | Reached XP level 2. HP: 17/17 MP: 4/8
  1102 | D:1      | Learned a level 2 spell: Call Imp
  1105 | D:1      | Learned a level 2 spell: Blink
  1175 | D:2      | Reached XP level 3. HP: 21/21 MP: 1/10
  1889 | D:2      | Reached skill level 5 in Spellcasting
  2242 | D:2      | Reached XP level 4. HP: 27/27 MP: 7/12
  2488 | D:3      | Killed from afar by an orc wizard

Skill      XL: |  1  2  3 |
---------------+----------+-----
Spellcasting   | 4 5 |  5.1
Dodging        | |  2.5
Stealth        | |  2.4
Conjurations   | |  1.9
Summonings     | |  0.8
Translocations | |  1.1

Action                   |  1- 3 |  4- 6 || total
-------------------------+-------+-------++-------
Melee: Unarmed           |     3 |       ||     3
 Cast: Magic Dart        |   118 |    20 ||   138
  Use: Scroll            |     3 |     1 ||     4
  Eat: Chunk             |     4 |       ||     4
Armor: Robe              |     4 |       ||     4
Dodge: Dodged            |    12 |     3 ||    15
